 Dungeon Crawl Stone Soup version 0.27-a0-773-gaaee5cf45b (webtiles) character file.

Game seed: 16545185925749178695

65 leviel the Shield-Bearer (level 4, -1/40 HPs)
             Began as a Hill Orc Fighter on Mar 25, 2021.
             Slain by a kobold
             ... wielding a +0 short sword of electrocution
              (19 damage)
             ... on level 3 of the Dungeon on Mar 26, 2021.
             The game lasted 00:03:28 (2031 turns).

leviel the Shield-Bearer (Hill Orc Fighter)         Turns: 2031, Time: 00:03:29

Health: -1/40      AC:  7    Str: 19    XL:     4   Next: 14%
Magic:  4/4        EV:  7    Int:  8    God:
Gold:   62         SH:  9    Dex: 10    Spells: 3/3 levels left

rFire    . . .     SeeInvis .   j - +2 falchion (flame)
rCold    . . .     Faith    .   c - +0 kite shield
rNeg     . . .     Spirit   .   b - +0 scale mail
rPois    .         Reflect  .   (no helmet)
rElec    .         Harm     .   (no cloak)
rCorr    .         Rampage  .   (no gloves)
Will     .....                  (no boots)
Stlth    ..........             (no amulet)
HPRegen  0.13/turn              (no ring)
MPRegen  0.09/turn              (no ring)

@: mighty
A: no striking features
a: no special abilities


You were on level 3 of the Dungeon.
You visited 1 branch of the dungeon, and saw 3 of its levels.

You collected 62 gold pieces.

Inventory:

Hand Weapons
 j - a +2 falchion of flaming (weapon)
Armour
 b - a +0 scale mail (worn)
 c - a +0 kite shield (worn)
Jewellery
 f - an amulet of faith
Scrolls
 e - a scroll of identify {unknown}
 g - a scroll of blinking {unknown}
 i - a scroll of teleportation {unknown}
 k - a scroll of enchant weapon {unknown}
Potions
 a - a potion of attraction {unknown}


   Skills:
 + Level 3.9 Fighting
 + Level 0.6 Long Blades
 + Level 3.8 Axes
 + Level 3.8 Armour
 + Level 0.1 Dodging
 + Level 4.0 Shields


You had 3 spell levels left.
You didn't know any spells.
Your spell library was empty.

Dungeon Overview and Level Annotations

Branches:
Dungeon (2/15)

Altars:

Shops:
D:1 ?**!

Annotations:
D:3 Grinder, Ijyb


Message History

You barely miss Grinder.
Grinder is heavily wounded.
Grinder barely misses you. The kobold hits you but does no damage.
You slash Grinder! You burn Grinder.
Grinder is severely wounded.
Grinder barely misses you. The kobold hits you but does no damage.
Grinder barely misses you.
You riposte.
You barely miss Grinder.
Grinder is severely wounded.
The kobold hits you but does no damage.
You are electrocuted!
* * * LOW HITPOINT WARNING * * *
You feel much better. Grinder hits you but does no damage.
You block the kobold's attack.
You barely miss Grinder.
Grinder is severely wounded.
Grinder gestures at you.
You suddenly lose the ability to move!
The kobold completely misses you.
Grinder blinks!
The kobold hits you but does no damage.
You are electrocuted!
The kobold hits you but does no damage.
You can move again.
Ijyb the Twisted Goblin comes into view.
She is wielding a +8 club and carrying a wand of polymorph (10).
Ijyb shouts!
The kobold hits you but does no damage.
Something bites the bush!
Something hits the bush!
Grinder blinks!
You block the kobold's attack.
Things that are here:
a +0 dagger; a goblin corpse Grinder gestures at you.
Pain shoots through your body!
You are too injured to fight recklessly!
Grinder says, "What is the universe for?"
The kobold throws a stone.
You block the stone.
Something bites the bush but does no damage.
Grinder barely misses you.
A ball python comes into view.
You hit Grinder but do no damage.
Grinder is severely wounded.
Grinder blinks!
The kobold hits you but does no damage.
Grinder says, "Mostly I couldn't keep them alive."
You see here a book of Changes.
The kobold hits you but does no damage.
You are electrocuted!!
You die...

..... .### .....
.... ....###+#..#
## .......... ..#
#......# #..
+......+ ....#
#......##.#..#
+.§K.....<...#
#..@†........#
PP.PPP.)###..#
P.P...P5......#
P.PSP.P†.....>...
P...P.........###
P.P.PPP......!+
..P...P.......#
.P PPPPP.......#
gP.......#


You could see Grinder, a ball python and a kobold.

Vanquished Creatures
  An adder (D:2)
  A worm (D:2)
  3 dart slugs
  3 bats
  An endoplasm (D:1)
  2 giant cockroaches (D:1)
  8 goblins
  4 hobgoblins
  3 jackals (D:2)
  4 quokkas
  4 ball pythons
  A frilled lizard (D:2)
  4 kobolds
  3 rats
42 creatures vanquished.

Notes
Turn   | Place    | Note
-------+----------+-------------------------------------------
     0 | D:1      | leviel the Hill Orc Fighter began the quest for the Orb.
     0 | D:1      | Reached XP level 1. HP: 19/19 MP: 1/1
   273 | D:1      | Found Ryvuophu's Assorted Antiques.
   279 | D:1      | Reached XP level 2. HP: 26/27 MP: 2/2
   355 | D:1      | Found Hawkysiu's General Store.
   407 | D:1      | Found Odoiqiah's Distillery.
   802 | D:1      | Found Bonucru's Magic Scroll Shop.
   884 | D:1      | Reached XP level 3. HP: 33/33 MP: 3/3
  1933 | D:2      | Reached skill level 4 in Shields
  1933 | D:2      | Reached XP level 4. HP: 39/40 MP: 4/4
  1999 | D:2      | You fall into a shaft and drop 1 floor!
  1999 | D:3      | Noticed Grinder
  2014 | D:3      | Paralysed by Grinder for 2 turns
  2021 | D:3      | Paralysed by Grinder for 3 turns
  2024 | D:3      | Noticed Ijyb
  2031 | D:3      | Slain by a kobold

Illustrated notes

Levels and vault maps discovered:
D:1:      lightli_molten_gateway, layout_basic, serial_shops,
          nicolae_shop_behind_doors, nicolae_shop_statue_plus, shop,
          shop_fountains, chequers_serial_rivers_room_b, minivault_5,
          hangedman_decor_slide_cut
D:2:      layout_basic, minmay_heptomino_l4
D:3:      layout_basic, lemuel_crystal_altar, nzn_wu_jian_council_hall,
          minmay_misc_feat_more_columns, minmay_hedge_maze, tgw_fedhas,
          uniq_crazy_yiuf_cottage, uniq_grinder, uniq_ijyb

Skill      XL: |  1  2  3 |
---------------+----------+-----
Axes           | 3 |  3.8
Shields        | 4 |  4.0
Fighting       | |  3.9
Long Blades    | |  0.6
Armour         | |  3.8
Dodging        | |  0.1

Action                   |  1- 3 |  4- 6 || total
-------------------------+-------+-------++-------
Melee: War axe           |    80 |       ||    80
       Falchion          |    36 |    20 ||    56
  Use: Potion            |       |     3 ||     3
Armor: Scale mail        |    66 |    17 ||    83
Dodge: Dodged            |    32 |     9 ||    41
Block: Kite shield       |    62 |    14 ||    76
       Rpst.: Falchion   |     6 |     2 ||     8

Table legend: (Time is in decaauts)
 A = Elapsed time spent in this place.
 B = Non-inter-level travel time spent in this place.
 C = Inter-level travel time spent in this place.
 D = Time resting spent in this place.
 E = Time spent auto-exploring this place.
 F = Levels seen in this place.
 G = Mean time per level.
                   A        B        C        D        E       F      G
               +--------+--------+--------+--------+--------+-----+--------+
         Total |   2104 |   2000 |    104 |    171 |   1501 |   3 |  701.3 |
       Dungeon |   2104 |   2000 |    104 |    171 |   1501 |   3 |  701.3 |
               +--------+--------+--------+--------+--------+-----+--------+

Top non-repeatable levels by time:
     D:1: 1570 daAuts
     D:2: 494 daAuts
     D:3: 39 daAuts
